 Dungeon Crawl Stone Soup version 0.29-a0-575-g0dc89cf053 (webtiles) character file.

Game seed: 7847245595178150133

6 Zonian the Chiller (level 1, -1/9 HPs)
             Began as a Vine Stalker Ice Elementalist on June 13, 2022.
             Slain by a kobold
             ... wielding a +0 club
              (2 damage)
             ... on level 1 of the Dungeon.
             The game lasted 00:00:53 (617 turns).

Zonian the Chiller (Vine Stalker Ice Elementalist)   Turns: 617, Time: 00:00:54

Health: -1/9       AC:  3    Str: 10    XL:     1   Next: 90%
Magic:  0/4        EV: 12    Int: 15    God:
Gold:   10         SH:  0    Dex: 14    Spells: 3/4 levels left

rFire   . . .      SeeInvis .   (no weapon)
rCold   . . .      Faith    .   (no shield)
rNeg    . . .      Spirit   +   a - +0 robe
rPois   .          Reflect  .   (no helmet)
rElec   .          Harm     .   c - +0 cloak
rCorr   .          Rampage  .   (no gloves)
Will    .....                   (no boots)
Stlth   ++........              (no amulet)
HPRegen 0.03/turn               (no ring)
MPRegen 0.09/turn               (no ring)

@: no status effects
A: fangs 2, magic shield, antimagic bite, no potion heal 2
a: no special abilities


You were on level 1 of the Dungeon.
You visited 1 branch of the dungeon, and saw 1 of its levels.

You collected 10 gold pieces.

Inventory:

Hand Weapons
 d - a +0 whip
Armour
 a - a +0 robe (worn)
 c - a +0 cloak (worn)


   Skills:
 + Level 1.7 Dodging
 + Level 2.6 Stealth
 + Level 2.3 Spellcasting
 + Level 4.0 Ice Magic


You had 3 spell levels left.
You knew the following spells:

 Your Spells              Type           Power      Damage    Failure   Level
a - Freeze                Ice            56%        1d7       4%          1

Your spell library contained the following spells:

 Spells                   Type           Power      Damage    Failure   Level
 Frozen Ramparts          Ice            28%        1d4       12%         3
 Ozocubu's Armour         Ice            14%        N/A       12%         3
 Hailstorm                Conj/Ice       7%         3d4       67%         4


Dungeon Overview and Level Annotations

Branches:
Dungeon (1/15)

Altars:


Innate Abilities, Weirdness & Mutations

You have extremely sharp teeth.
When hurt, damage is shared between your health and your magic reserves.
Your bite disrupts and absorbs the magic of your enemies.
Potions cannot restore your health.


Message History

Sorry, you're not good enough to have a special ability.
Unknown command.
Magic courses through your body. The giant cockroach closely misses you.
The kobold hits you with a +0 club.
Unknown command.
You hit the kobold. You bite the kobold, but do no damage.
The kobold is moderately wounded.
The giant cockroach closely misses you. The kobold hits you but does no damage.
The giant cockroach waves its antennae.
The giant cockroach closely misses you.
You hit the kobold. Your bite misses the kobold.
The kobold is heavily wounded.
The giant cockroach misses you. The kobold closely misses you.
You hit the kobold but do no damage.
The kobold is heavily wounded.
The giant cockroach waves its antennae.
The giant cockroach barely misses you. The kobold misses you.
Unknown command.
You hit the kobold but do no damage.
The kobold is heavily wounded.
The giant cockroach bites you but does no damage.
The kobold hits you with a +0 club.
* * * LOW HITPOINT WARNING * * *
You closely miss the kobold.
The kobold is heavily wounded.
The giant cockroach bites you. The kobold hits you but does no damage.
Unknown command.
You hit the kobold.
The kobold is severely wounded.
The giant cockroach barely misses you. The kobold hits you but does no damage.
The giant cockroach bites you.
You aren't carrying any scrolls.
You aren't carrying any potions.
You barely miss the kobold. Your bite misses the kobold.
The kobold is severely wounded.
The giant cockroach closely misses you. The kobold closely misses you.
You barely miss the kobold.
The kobold is severely wounded.
The giant cockroach closely misses you. The kobold hits you with a +0 club.
You die...

#.....# #.# #..<..#.#
##.....####.#
#.....#.#
#...........#
#.....#.#
#......##########+###
#......##............
#......##..###....#..
#....................
#.......#..##K.(..#.
#.......#..#@Bl...#
............###....#
.#.#####.#..# ....#
#. #.#..# #...# #
#.#..# ...# #.....
..... ..#... .#...


You could see a giant cockroach, a kobold and a frilled lizard.

Vanquished Creatures
  A bat (D:1)
  A kobold (D:1)
  A quokka (D:1)
  A frilled lizard (D:1)
  2 goblins (D:1)
6 creatures vanquished.

Notes
Turn   | Place    | Note
-------+----------+-------------------------------------------
     0 | D:1      | Zonian the Vine Stalker Ice Elementalist began the quest
                  | for the Orb.
     0 | D:1      | Reached XP level 1. HP: 9/9 MP: 4/4
   617 | D:1      | Slain by a kobold

Illustrated notes

Levels and vault maps discovered:
D:1:      minmay_arrival_checkered_box, layout_basic, minmay_tall_x

Action                   || total
-------------------------++-------
Melee: Unarmed           ||    27
       Bite              ||     5
 Cast: Freeze            ||     7
  Use: Potion            ||     1
Armor: Robe              ||     9
Dodge: Dodged            ||    34

Table legend: (Time is in decaauts)
 A = Elapsed time spent in this place.
 B = Non-inter-level travel time spent in this place.
 C = Inter-level travel time spent in this place.
 D = Time resting spent in this place.
 E = Time spent auto-exploring this place.
 F = Levels seen in this place.
 G = Mean time per level.
                   A        B        C        D        E       F      G
               +--------+--------+--------+--------+--------+-----+--------+
         Total |    617 |    617 |      0 |    377 |    153 |   1 |  617.0 |
       Dungeon |    617 |    617 |      0 |    377 |    153 |   1 |  617.0 |
               +--------+--------+--------+--------+--------+-----+--------+

Top non-repeatable levels by time:
     D:1: 617 daAuts
